 Dungeon Crawl Stone Soup version 0.30-a0-571-gdf30a72648 (webtiles) character file.

Game seed: 7366685630729086425

2937345 freelancePsychic the Conqueror (level 27, 199/199 HPs)
             Began as a Gargoyle Monk on Dec 28, 2022.
             Was the Champion of Trog.
             Escaped with the Orb
             ... and 4 runes on Dec 29, 2022!
             The game lasted 01:59:31 (48946 turns).

freelancePsychic the Conqueror (Gargoyle Monk)     Turns: 48946, Time: 01:59:31

Health: 199/199    AC: 62    Str: 35    XL:     27
Magic:  23/23      EV: 34    Int: 18    God:    Trog [******]
Gold:   4425       SH: 20    Dex: 22    Spells: 26/26 levels left

rFire   + + +      SeeInvis .    a - +6 eveningstar of the Tent {heavy, *Noise Dex+6 Stlth+}
rCold   + + .      Faith    .    V - +5 kite shield {reflect}
rNeg    + + .      Spirit   .    L - +9 scales of the Dragon King {rPois rF+ rC+ Will+}
rPois   ∞          Reflect  +    i - -2 hat of the Alchemist {rElec rPois rF+ rC+ rN+ Will+ rMut rCorr}
rElec   +          Harm     .    R - +1 cloak "Yruoskusch" {Regen+ Int+3 Dex+4}
rCorr   +          Rampage  .    e - +2 pair of gloves "Koferaes" {rF+ Regen+ Str+3}
rMut    +                        M - +2 pair of boots {Fly}
Will    ++++.                    h - amulet "Birustoam" {Regen+ Str+7} Stlth
                                 k - +5 ring of evasion
HPRegen 2.93/turn                p - ring of the Hare {EV+10}
MPRegen 0.18/turn

@: flying, studying 2 skills
A: sickness immunity, AC +20, big wings, negative energy resistance 1,
electricity resistance, torment resistance 1, petrification resistance
0: Orb of Zot
}: 4/15 runes: serpentine, barnacled, slimy, silver
a: Renounce Religion, Berserk, Trog's Hand, Brothers in Arms


You escaped.
You worshipped Trog.
Trog was exalted by your worship.
You visited 10 branches of the dungeon, and saw 52 of its levels.
You also visited: Sewer, Ossuary, Bailey and Gauntlet.

You collected 10964 gold pieces.
You spent 6539 gold pieces at shops.

Inventory:

Hand Weapons
 a - the +6 eveningstar of the Tent (weapon) {heavy, *Noise Dex+6 Stlth+}
   (You acquired it on level 3 of the Snake Pit)

   It deals dramatically more damage, but attacks with it are much slower.
   Dex:       It affects your dexterity (+6).
   *Noise:    It may make noises in combat.
   Stlth:     It makes you more stealthy.
Missiles
 B - 15 boomerangs (quivered)
 D - 7 javelins
 E - 7 throwing nets
 F - 28 silver javelins
 P - 3 silver boomerangs
Armour
 e - the +2 pair of gloves "Koferaes" (worn) {rF+ Regen+ Str+3}
   (You took it off Nikola on level 1 of the Vaults)

   Str:       It affects your strength (+3).
   rF:        It protects you from fire.
   Regen:     It increases your rate of health regeneration.
 i - the -2 hat of the Alchemist (worn) {rElec rPois rF+ rC+ rN+ Will+ rMut rCorr}
   (You found it on level 2 of the Shoals)

   rF:        It protects you from fire.
   rC:        It protects you from cold.
   rElec:     It insulates you from electricity.
   rPois:     It protects you from poison.
   rN:        It protects you from negative energy.
   rCorr:     It protects you from acid and corrosion.
   rMut:      It protects you from mutation.
   Will:      It increases your willpower.
 H - a +2 cloak
 L - the +9 scales of the Dragon King (worn) {rPois rF+ rC+ Will+}
   (You bought it in a shop on level 3 of the Snake Pit)

   rF:        It protects you from fire.
   rC:        It protects you from cold.
   rPois:     It protects you from poison.
   Will:      It increases your willpower.
 M - a +2 pair of boots of flying (worn)
 R - the +1 cloak "Yruoskusch" (worn) {Regen+ Int+3 Dex+4}
   (You acquired it on level 4 of the Depths)

   Int:       It affects your intelligence (+3).
   Dex:       It affects your dexterity (+4).
   Regen:     It increases your rate of health regeneration.
 V - a +5 kite shield of reflection (worn)
Jewellery
 h - the amulet "Birustoam" (around neck) {Regen+ Str+7}
   (You found it in a Gauntlet)

   [amulet of regeneration]

   Str:       It affects your strength (+7).
   Regen:     It increases your rate of health regeneration.
 k - a +5 ring of evasion (left hand)
 p - the ring of the Hare (right hand) {EV+10}
   (You took it off a deep elf death mage on level 3 of the Elven Halls)

   [ring of evasion]

   EV:        It affects your evasion (+10).
 x - a ring of protection from fire
 X - the ring of Spite {rN+ EV+5 Int+4}
   (You took it off a deep elf high priest on level 3 of the Elven Halls)

   [ring of evasion]

   EV:        It affects your evasion (+5).
   Int:       It affects your intelligence (+4).
   rN:        It protects you from negative energy.
Wands
 G - a wand of paralysis (45)
 I - a wand of flame (91)
 K - a wand of digging (1)
 N - a wand of acid (41)
 W - a wand of roots (44)
Scrolls
 f - 9 scrolls of fear
 n - 5 scrolls of enchant armour
 o - 29 scrolls of teleportation {@r4}
 u - 7 scrolls of blinking
 y - 9 scrolls of fog
 A - 6 scrolls of immolation
 Q - 4 scrolls of poison
 S - 7 scrolls of magic mapping
 T - 5 scrolls of enchant weapon
 Z - 7 scrolls of summoning
Potions
 c - 7 potions of ambrosia
 g - 15 potions of mutation
 j - 22 potions of curing {@q1}
 l - 6 potions of berserk rage
 m - 7 potions of attraction
 q - 12 potions of heal wounds {@q2}
 r - 12 potions of lignification
 s - 2 potions of cancellation
 t - 5 potions of resistance
 w - 10 potions of magic
 z - a potion of haste {@q3}
 C - 8 potions of flight
 J - 7 potions of might
 Y - a potion of invisibility
Miscellaneous
 b - a phial of floods
 d - a condenser vane
 v - a tin of tremorstones (2/2)
 O - a lightning rod (4/4)
 U - a phantom mirror


   Skills:
 O Level 27 Fighting
 - Level 20.5 Maces & Flails
 - Level 20.2 Throwing
 - Level 22.0 Armour
 + Level 18.4 Dodging
 - Level 5.6 Stealth
 - Level 16.0 Shields
 - Level 15.0 Evocations


You had 26 spell levels left.
You didn't know any spells.
Your spell library contained the following spells:

 Spells                   Type           Power      Damage    Failure   Level
 Wereblood                Tmut           0%         N/A       98%         2
 Gell's Gravitas          Tloc           0%         N/A       100%        3
 Lesser Beckoning         Tloc           0%         N/A       100%        3
 Teleport Other           Tloc           0%         N/A       100%        3
 Summon Hydra             Summ           0%         N/A       100%        7
 Sublimation of Blood     Necr           Unusable   N/A       N/A         2

Dungeon Overview and Level Annotations

Branches:
Dungeon (15/15)            Temple (0/1) D:7            Lair (5/5) D:8
 Shoals (4/4) Lair:3        Snake (4/4) Lair:3        Slime (5/5) Lair:4
    Orc (2/2) D:10            Elf (3/3) Orc:2        Vaults (5/5) D:13
  Crypt (0/3) Vaults:3     Depths (4/4) D:15            Zot (5/5) Depths:4
  Sewer (visited)         Ossuary (visited)          Bailey (visited)
Gauntlet (visited)

Altars:
Ashenzari
Cheibriados
Dithmenos
Elyvilon
Fedhas
Hepliaklqana
Nemelex Xobeh
Okawaru
Qazlal
Ru
Sif Muna
Trog
Wu Jian
Xom
Zin
The Shining One
Jiyva

Shops:
D:5 [   Orc:2 :*:!   Snake:2 (   Snake:3 =[*?[   Vaults:2 [[   Vaults:3 ?[
Depths:3 (

Portals:
Hell: Depths:1 Depths:2 Depths:3 Depths:4
Abyss: Depths:3
Pandemonium: Depths:1 Depths:2 Depths:4
Ziggurat: Depths:2
Trove: Elf:2 (give +4 ice dragon scales)

Annotations:
D:3 exclusion: kobold, Ijyb
Lair:1 1 runed translucent door, IdlyInterested's ghost, journeyman DsWn
Lair:3 3 runed translucent doors, Leaxt's ghost, journeyman MiBe; Newt's ghost, journeyman DsGl; Xeinaf's ghost, journeyman TrAr; lotum's ghost, journeyman DsEE
Shoals:2 2 transporters, jfcaron's ghost, adept DsMo
Shoals:3 Roxanne
Snake:2 1 runed translucent door, PyroL's ghost, journeyman DrIE
Vaults:3 8 runed translucent doors, BubbleThief's ghost, veteran HOFi
Depths:1 1 transporter
Zot:1 exclusions: draconian stormcaller and 9 more exclusions


Innate Abilities, Weirdness & Mutations

You are immune to sickness and miasma.
Your stone body is resilient. (AC +20)
You are immune to poison.
Your large and strong wings let you fly.
You resist negative energy. (rN+)
You are resistant to electric shocks. (rElec)
You are resistant to unholy torment.
You are immune to petrification.


Message History

You completely miss the hellwing.
The hellwing is severely wounded.
You block the hellwing's attack. The hellwing misses you.
You barely miss the hellwing.
The hellwing is severely wounded.
The hellwing completely misses you. You block the hellwing's attack.
You impale the hellwing!!
You kill the hellwing!
Trog accepts your kill.
No target in view!
No target in view!
No target in view!
No target in view!
No target in view!
No target in view!
No target in view!
No target in view!
No target in view!
No target in view!
(D) Dungeon (T) Temple (L) Lair (A) Shoals (P) Snake Pit (M) Slime Pits (O) Orcish Mines (E) Elven Halls (V) Vaults (C) Crypt (U) Depths (H) Hell (Z) Zot
Where to? (Enter - D:1 @ (x,y), ? - help)
There is a stone staircase leading up here.
You fly upwards.
There is a stone staircase leading down here.
There is a stone staircase leading up here.
You fly upwards.
Level annotation: exclusion: kobold, Ijyb
There is a stone staircase leading down here.
There is a stone staircase leading up here.
You fly upwards.
There is a stone staircase leading down here.
There is a stone staircase leading up here.
You fly upwards.
There is a stone staircase leading down here.
There is an open door here.
There is a staircase leading out of the dungeon here.
You have escaped!

...#....##.....#.#...# ####......
............#........#####...####
....#...###....>...........#..##.
†#...............#...######....#.
...#.#########'###'### #......
...#[# #≈.≈≈≈.≈#######.g..##
.....# #≈≈.≈.≈≈#.......####
....## ###≈≈...≈≈#.....g.# ...##
#...§.@.≈.........# ...#
#.#≈≈...≈≈#.......# ####
#.#≈≈.≈.≈≈#.......#
#.#≈.≈≈≈.≈#.......#
#.##'###'##.......#
#.....##..........#
########..........# ############


There were no monsters in sight!

Vanquished Creatures
  the Royal Jelly (Slime:5)
  Tiamat (Zot:3)
  3 dread liches
  3 orbs of fire (Zot:5)
  4 ancient liches (Zot:5)
  Mennas (Vaults:4)
  Mara (Shoals:4)
  Sojobo (Vaults:5)
  Margery (Vaults:4)
  5 Killer Klowns (Zot:5)
  Frederick (Vaults:4)
  Vashnia (Snake:4)
  3 curse toes
  Saint Roka (Vaults:3)
  A shard shrike (Zot:5)
  Xtahua (Vaults:5)
  Nikola (Vaults:1)
  3 caustic shrikes
  9 golden dragons
  A profane servitor (Zot:4)
  Jory (Depths:3)
  3 electric golems
  2 Ice Fiends
  2 liches (Depths:1)
  22 tentacled monstrosities
  Asterion (Vaults:3)
  28 Orb Guardians
  5 titans (Vaults:5)
  2 deep elf blademasters (Elf:3)
  3 deep elf master archers (Elf:3)
  5 quicksilver dragons
  A walking frostbound tome (Depths:2)
  A kraken (Shoals:2)
  19 acid blobs
  8 sphinxes
  6 death cobs
  10 tengu reavers
  Kirke (D:15)
  5 draconian monks
  8 storm dragons
  Ilsuiw (Shoals:2)
  5 shadow dragons
  Donald (Snake:1)
  5 nagarajas
  9 rockslimes
  A fire giant (shapeshifter) (Vaults:5)
  11 frost giants
  5 draconian knights
  8 azure jellies
  7 fire giants
  13 draconian scorchers
  23 vault wardens
  Aizul (Snake:4)
  11 deep elf sorcerers
  An iron dragon (Depths:1)
  2 balrugs
  3 ghost moths
  7 draconian stormcallers
  2 draconian annihilators (Zot:1)
  5 draconian shifters
  4 deep elf elementalists (Elf:3)
  2 war gargoyles
  25 very ugly things
  18 stone giants
  8 quicksilver oozes
  A juggernaut skeleton (Depths:2)
  A ghoul (Vaults:3)
  4 ironbound thunderhulks
  A quicksilver ooze (shapeshifter) (Vaults:5)
  17 ironbound preservers
  12 green draconians
  4 vampire knights
  9 deep elf demonologists
  16 black draconians
  10 yellow draconians
  9 deep elf annihilators
  Nessos (D:13)
  11 white draconians
  A bunyip (shapeshifter) (Elf:3)
  15 red draconians
  7 spark wasps (Depths:3)
  4 dire elephants (Vaults:3)
  15 purple draconians
  5 deep elf death magi
  2 eidola
  8 merfolk javelineers
  A spectral kraken (Shoals:1)
  17 ettins
  13 merfolk impalers
  4 crystal guardians
  2 entropy weavers
  11 deep elf high priests
  Josephine (D:13)
  6 fire dragons
  8 great orbs of eyes
  9 ice dragons
  3 salamander tyrants
  A hell beast (Depths:2)
  6 hydras
  19 yaktaur captains
  38 vault guards
  3 peacekeepers
  5 rakshasas
  2 spriggan air magi
  2 alligator snapping turtles
  13 ironbound frosthearts
  3 ghost crabs (Shoals:1)
  A catoblepas (Lair:5)
  An anaconda (shapeshifter) (Vaults:5)
  3 anacondas
  An ogre mage (Vaults:5)
  12 centaur warriors
  5 death yaks (Lair:5)
  9 merfolk aquamancers
  19 naga warriors
  5 merfolk avatars
  2 satyrs (Shoals:3)
  7 two-headed ogres
  25 dancing weapons
  4 boulder beetles
  13 deep troll shamans
  10 deep troll earth magi
  An alligator (shapeshifter) (Vaults:5)
  21 naga sharpshooters
  An orc high priest (Orc:2)
  3 tengu warriors
  9 shock serpents
  4 spriggan berserkers
  3 vampire magi
  7 hell knights
  Urug (D:13)
  8 iron trolls
  2 sun demons
  2 soul eaters
  22 deep elf knights
  6 salamander mystics
  5 skeletal warriors (D:15)
  Lodul (D:13)
  A quicksilver dragon simulacrum (Depths:2)
  63 deep trolls
  3 flayed ghosts
  10 sea snakes
  A golden dragon zombie (Depths:2)
  6 glowing orange brains
  An obsidian statue (Zot:5)
  7 naga ritualists
  2 shadow demons
  An orange crystal statue (Zot:5)
  8 wizards
  8 phantasmal warriors
  14 deep elf archers
  A swamp dragon (Lair:5)
  10 lindwurms
  Pikel (D:4)
  32 deep elf zephyrmancers
  7 orc knights
  2 tengu zombies (Vaults:3)
  28 ironbound convokers
  11 mana vipers
  19 harpies
  29 deep elf pyromancers
  5 necromancers
  39 ugly things
  6 orc sorcerers
  2 shining eyes
  A wolf spider (D:13)
  A faun (shapeshifter) (Vaults:5)
  14 salamanders
  7 cyclopes
  An elephant (shapeshifter) (Vaults:4)
  21 moths of wrath
  2 worldbinders (Vaults:4)
  14 fauns
  20 manticores
  14 merfolk sirens
  10 elephants
  A guardian serpent (shapeshifter) (Vaults:2)
  3 rust devils
  3 guardian serpents
  A stone giant skeleton (Vaults:3)
  Maurice (D:8)
  18 vault sentinels
  19 naga magi
  6 water nymphs
  A torpor snail (Lair:5)
  2 smoke demons
  An eye of devastation (shapeshifter) (Vaults:5)
  30 black mambas
  A demonic crawler (D:8)
  A gargoyle (D:10)
  2 orange demons
  2 eyes of devastation
  A hellion (Zot:5)
  37 yaktaurs
  6 rime drakes
  A kobold demonologist (Depths:3)
  7 cane toads
  An unseen horror (D:12)
  An elf skeleton (Vaults:3)
  16 komodo dragons
  4 ice devils
  4 freezing wraiths
  6 hellwings
  3 tengu conjurers
  10 trolls
  A spectral merfolk (Shoals:1)
  A polar bear (Lair:1)
  30 merfolk
  A tyrant leech (Gauntlet)
  3 wind drakes
  2 dream sheep (Lair:5)
  Prince Ribbit (D:5)
  8 snapping turtles
  11 blink frogs
  55 slime creatures
  Sigmund (D:3)
  4 air elementals
  2 jumping spiders (shapeshifter)
  40 yaks
  A shadow (D:7)
  18 water elementals
  4 wyverns
  A ynoxinul (D:12)
  A vampire (D:7)
  5 hogs (D:15)
  2 large abominations (Gauntlet)
  6 wraiths
  4 fire elementals
  2 neqoxecs
  A golden eye (Slime:5)
  2 steam dragons
  5 basilisks
  A redback (Vaults:4)
  9 vampire mosquitoes
  2 chaos spawn (Depths:2)
  3 swamp worms (Gauntlet)
  6 small abominations (Gauntlet)
  A glowing shapeshifter zombie (Depths:2)
  38 nagas
  7 wargs
  4 acid dragons
  21 water moccasins
  2 swamp drakes (Lair:5)
  47 orc warriors
  A black bear (shapeshifter) (Elf:1)
  19 ogres
  A boggart (Vaults:4)
  4 black bears
  A wolf (shapeshifter) (D:14)
  24 centaurs
  20 wolves
  3 lemures (D:4)
  3 phantoms
  7 kobold brigands
  10 bullfrogs
  2 gnoll sergeants
  2 necrophages
  3 scorpions
  4 earth elementals
  6 wights
  12 killer bees
  2 electric eels (D:15)
  A quasit (D:12)
  8 jellies
  4 hounds
  20 orc priests
  Crazy Yiuf (D:4)
  2 gnoll boudas
  38 orc wizards
  6 iguanas
  A hell rat (Lair:5)
  12 mummies (Ossuary)
  Robin (D:3)
  14 adders
  23 gnolls
  2 shadow imps
  2 white imps
  2 ufetubi
  2 dart slugs
  87 orcs
  9 ball pythons
  7 endoplasms
  5 giant cockroaches
  24 goblins
  4 hobgoblins
  25 kobolds
  2 quokkas
  9 bats
  9 frilled lizards
  A gnoll skeleton (Ossuary)
  4 goblin skeletons (Ossuary)
  A kobold skeleton (Ossuary)
  2 orc skeletons (Ossuary)
  9 rats
  11 rat skeletons (Ossuary)
  7 tentacles
2330 creatures vanquished.

Vanquished Creatures (collateral kills)
  Bai Suzhen (Vaults:3)
  A frost giant (Shoals:4)
  A deep elf annihilator (Elf:3)
  A minotaur (Gauntlet)
  3 merfolk impalers
  A deep elf high priest (Elf:3)
  A vault guard (Vaults:5)
  A merfolk avatar (Shoals:4)
  A dancing weapon (Elf:3)
  A satyr (Shoals:4)
  3 death yaks (Lair:5)
  An iron troll (Depths:2)
  A harpy (Shoals:4)
  A cane toad (Lair:5)
  A water nymph (Shoals:4)
  A snapping turtle (Shoals:4)
  2 shadows (D:10)
  A water elemental (Shoals:4)
  A water moccasin (Lair:5)
  2 wolves (Lair:5)
26 creatures vanquished.

Vanquished Creatures (others)
  A draconian monk (Zot:5)
  A red draconian (Zot:5)
  A merfolk aquamancer (Shoals:4)
  A naga sharpshooter (Snake:1)
  A wizard (Vaults:2)
  2 deep elf zephyrmancers (Elf:1)
  A manticore (Shoals:2)
  A water nymph (Shoals:2)
  A guardian serpent (Snake:4)
  A merfolk (Shoals:4)
  A raiju (Gauntlet)
  A water elemental (Shoals:1)
  A naga (Snake:1)
  An ogre (Vaults:5)
  A boggart (Vaults:4)
  A bullfrog (D:6)
  2 orc wizards (Orc:2)
  5 orcs
  15 fungi
  98 plants
  11 tentacles
  15 withered plants
163 creatures vanquished.

Grand Total: 2519 creatures vanquished

Notes
Turn   | Place    | Note
-------+----------+-------------------------------------------
     0 | D:1      | freelancePsychic the Gargoyle Monk began the quest for the
                  | Orb.
     0 | D:1      | Reached XP level 1. HP: 14/14 MP: 1/1
    58 | D:1      | Reached XP level 2. HP: 19/19 MP: 2/2
   265 | D:2      | Reached XP level 3. HP: 16/23 MP: 3/3
   556 | D:2      | Found a shadowy altar of Dithmenos.
   949 | D:2      | Reached XP level 4. HP: 28/28 MP: 4/4
  1305 | D:3      | Noticed Robin
  1317 | D:3      | Killed Robin
  1322 | D:3      | Reached skill level 5 in Maces & Flails
  1382 | D:3      | Noticed Ijyb
  1444 | D:3      | Reached XP level 5. HP: 32/32 MP: 5/5
  1515 | D:3      | You fall into a shaft and drop 3 floors!
  1523 | D:6      | Noticed a kobold brigand
  1538 | D:6      | Killed a kobold brigand
  1539 | D:6      | Reached XP level 6. HP: 31/37 MP: 6/6
  1562 | D:6      | Reached skill level 1 in Armour
  1601 | D:6      | Noticed a water moccasin
  1609 | D:6      | Killed a water moccasin
  1610 | D:6      | Reached skill level 4 in Fighting
  1610 | D:6      | Reached skill level 1 in Evocations
  1610 | D:6      | Reached XP level 7. HP: 41/43 MP: 7/7
  1924 | D:6      | Found a sand-covered staircase.
  1929 | Ossuary  | Entered an ossuary
  2148 | Ossuary  | Reached skill level 5 in Fighting
  2148 | Ossuary  | Reached XP level 8. HP: 49/49 MP: 8/8
  2340 | D:5      | Entered Level 5 of the Dungeon
  2864 | D:4      | Reached skill level 6 in Fighting
  2926 | D:4      | Noticed Pikel
  2946 | D:4      | Killed Pikel
  2947 | D:4      | Reached XP level 9. HP: 46/56 MP: 9/9
  2964 | D:4      | Found a glowing drain.
  2983 | Sewer    | Entered a sewer
  3168 | Sewer    | Reached skill level 7 in Fighting
  3188 | Sewer    | Identified a scroll of acquirement
  3336 | D:4      | Acquired the +0 pair of gloves of the Ladybird {rElec rC+
                  | Regen+ Str+4}
  3477 | D:4      | Found a runed translucent door.
  3478 | D:4      | Noticed Crazy Yiuf
  3873 | D:4      | Killed Crazy Yiuf
  4233 | D:3      | Found a hazy altar of Hepliaklqana.
  4234 | D:3      | Found a broken altar of Ashenzari.
  4234 | D:3      | Found a sparkling altar of Nemelex Xobeh.
  4234 | D:3      | Found a snail-covered altar of Cheibriados.
  4239 | D:3      | Found a blossoming altar of Fedhas.
  4239 | D:3      | Found a bloodstained altar of Trog.
  4253 | D:3      | Became a worshipper of Trog the Wrathful
  4253 | D:3      | Reached * piety under Trog
  4253 | D:3      | Reached ** piety under Trog
  4311 | D:3      | Noticed Sigmund
  4326 | D:3      | Killed Sigmund
  4327 | D:3      | Reached skill level 10 in Maces & Flails
  4527 | D:5      | Found Toduado's Antique Armour Shop.
  4879 | D:5      | Noticed Prince Ribbit
  4896 | D:5      | Killed Prince Ribbit
  4935 | D:5      | Found a shadowy altar of Dithmenos.
  4935 | D:5      | Found a white marble altar of Elyvilon.
  5210 | D:6      | Reached skill level 8 in Fighting
  5761 | D:7      | Reached XP level 10. HP: 64/65 MP: 10/10
  5859 | D:7      | Found a flagged portal.
  5874 | Bailey   | Entered a bailey
  5952 | Bailey   | Reached *** piety under Trog
  5995 | Bailey   | Reached skill level 9 in Fighting
  6036 | Bailey   | Identified the +6 short sword of Viebrat {venom, Str+8}
  6388 | D:7      | Found a staircase to the Ecumenical Temple.
  6418 | D:7      | Found a sacrificial altar of Ru.
  6878 | D:7      | Noticed a two-headed ogre
  6878 | D:7      | Noticed a cyclops
  6887 | D:7      | Killed a cyclops
  6887 | D:7      | Noticed a manticore
  6890 | D:7      | Killed a two-headed ogre
  6891 | D:7      | Reached skill level 10 in Fighting
  6891 | D:7      | Reached XP level 11. HP: 72/72 MP: 11/11
  6894 | D:7      | Killed a manticore
  7182 | D:8      | Noticed Maurice
  7188 | D:8      | Paralysed by Maurice for 5 turns
  7197 | D:8      | Killed Maurice
  7410 | D:8      | Reached **** piety under Trog
  7563 | D:8      | Found a shimmering blue altar of Sif Muna.
  7563 | D:8      | Found a glowing silver altar of Zin.
  7868 | D:8      | Found a staircase to the Lair.
  8547 | D:9      | Reached skill level 11 in Fighting
  8992 | D:9      | Reached skill level 15 in Maces & Flails
  9196 | D:9      | Reached XP level 12. HP: 80/80 MP: 12/12
  9529 | D:10     | Entered Level 10 of the Dungeon
  9608 | D:10     | Found a staircase to the Orcish Mines.
  9705 | D:10     | Reached ***** piety under Trog
  9716 | D:10     | Noticed a centaur warrior
  9738 | D:10     | Killed a centaur warrior
  9744 | D:10     | Reached skill level 1 in Shields
 10315 | D:11     | Noticed a two-headed ogre
 10324 | D:11     | Killed a two-headed ogre
 10389 | D:11     | Reached skill level 5 in Stealth
 10797 | Lair:1   | Entered Level 1 of the Lair of Beasts
 10825 | Lair:1   | Reached skill level 12 in Fighting
 11032 | Lair:1   | Found a runed translucent door.
 11033 | Lair:1   | Noticed IdlyInterested's ghost (journeyman DsWn)
 11240 | Lair:1   | Reached skill level 5 in Shields
 11561 | Lair:2   | Reached XP level 13. HP: 84/87 MP: 13/13
 12233 | Lair:3   | Found a staircase to the Shoals.
 12427 | Lair:3   | Found a staircase to the Snake Pit.
 12554 | Lair:3   | Found a runed translucent gate.
 12555 | Lair:3   | Found a runed translucent gate.
 12556 | Lair:3   | Noticed Xeinaf's ghost (journeyman TrAr)
 12557 | Lair:3   | Found a runed translucent gate.
 12627 | Lair:3   | Reached skill level 13 in Fighting
 12861 | Lair:3   | Noticed lotum's ghost (journeyman DsEE)
 12864 | Lair:3   | Noticed Leaxt's ghost (journeyman MiBe)
 12882 | Lair:3   | Noticed Newt's ghost (journeyman DsGl)
 13170 | Lair:4   | Reached skill level 5 in Armour
 13229 | Lair:4   | Acquired 925 gold pieces
 13231 | Lair:4   | Acquired a +2 demon whip of venom
 13343 | Lair:4   | Found a viscous altar of Jiyva.
 13344 | Lair:4   | Found a staircase to the Slime Pits.
 13637 | Lair:5   | Entered Level 5 of the Lair of Beasts
 13739 | Lair:5   | Reached skill level 10 in Shields
 13754 | Lair:5   | Identified the +10 quarterstaff of Zaopta {flame, Stlth+}
                  | (Trog gifted it to you on level 5 of the Lair of Beasts)
 13754 | Lair:5   | Received a gift from Trog
 13933 | Lair:5   | Gained mutation: Your large and strong wings let you fly.
                  | [Gargoyle growth]
 13933 | Lair:5   | Reached XP level 14. HP: 95/95 MP: 14/14
 14397 | Lair:5   | Reached skill level 14 in Fighting
 14546 | Lair:5   | Identified the +6 short sword of Qoxach {drain, rF+ rC+
                  | Int+2}
 14671 | Lair:5   | Reached ****** piety under Trog
 15238 | Orc:1    | Entered Level 1 of the Orcish Mines
 15397 | Orc:2    | Entered Level 2 of the Orcish Mines
 15453 | Orc:1    | Paralysed by an orc sorcerer for 3 turns
 15831 | Orc:2    | Received a gift from Trog
 15990 | Orc:2    | Found a staircase to the Elven Halls.
 16054 | Orc:2    | Paralysed by an orc sorcerer for 2 turns
 16174 | Orc:2    | Found Muquh's Book Shoppe.
 16175 | Orc:2    | Found Tirriph's Book Emporium.
 16176 | Orc:2    | Found Mafiaq's Assorted Antiques.
 16180 | Orc:2    | Found Kasowi's Distillery.
 16184 | Orc:2    | Bought a potion of might for 68 gold pieces
 16184 | Orc:2    | Bought a potion of haste for 170 gold pieces
 16185 | Orc:2    | Bought a potion of haste for 280 gold pieces
 16185 | Orc:2    | Bought a scroll of enchant armour for 210 gold pieces
 16185 | Orc:2    | Bought a scroll of blinking for 210 gold pieces
 16185 | Orc:2    | Bought a potion of haste for 280 gold pieces
 16566 | D:12     | Reached XP level 15. HP: 101/101 MP: 15/15
 16576 | D:12     | Found a gate leading to a gauntlet.
 16585 | Gauntlet | Entered a Gauntlet
 16585 | Gauntlet | Found a transporter.
 16594 | Gauntlet | Found a transporter.
 16609 | Gauntlet | Found a transporter.
 16614 | Gauntlet | Found a transporter.
 16630 | Gauntlet | Found a transporter.
 16649 | Gauntlet | Found a transporter.
 16661 | Gauntlet | Found a transporter.
 16673 | Gauntlet | Found a transporter.
 16685 | Gauntlet | Found a transporter.
 16697 | Gauntlet | Found a transporter.
 16714 | Gauntlet | Found a transporter.
 16732 | Gauntlet | Found a transporter.
 16734 | Gauntlet | Found a transporter.
 16736 | Gauntlet | Found a runed translucent gate.
 16736 | Gauntlet | Found a runed translucent gate.
 16736 | Gauntlet | Found a runed translucent gate.
 16744 | Gauntlet | Found a large runed translucent door.
 16744 | Gauntlet | Found a large runed translucent door.
 16744 | Gauntlet | Found a large runed translucent door.
 16744 | Gauntlet | Found a large runed translucent door.
 16745 | Gauntlet | Found a large runed translucent door.
 16745 | Gauntlet | Found a large runed translucent door.
 16746 | Gauntlet | Found a large runed translucent door.
 16746 | Gauntlet | Found a large runed translucent door.
 16747 | Gauntlet | Found a large runed translucent door.
 16747 | Gauntlet | Found a large runed translucent door.
 16747 | Gauntlet | Found a runed translucent door.
 16747 | Gauntlet | Found a runed translucent door.
 16748 | Gauntlet | Found a large runed translucent door.
 16749 | Gauntlet | Found a large runed translucent door.
 16758 | Gauntlet | Found a large runed translucent door.
 16758 | Gauntlet | Found a large runed translucent door.
 16759 | Gauntlet | Found a large runed translucent door.
 16760 | Gauntlet | Found a large runed translucent door.
 16762 | Gauntlet | Found a transporter.
 16762 | Gauntlet | Found a transporter.
 16826 | Gauntlet | Found a transporter.
 16828 | Gauntlet | Found a transporter.
 16831 | Gauntlet | Found a transporter.
 16878 | Gauntlet | Identified the amulet "Birustoam" {Regen+ Str+7}
 16961 | Gauntlet | Identified the +2 pair of boots of the Volcano {rElec rF-
                  | Will+++ SInv}
 16962 | Gauntlet | Identified the +6 dagger of the Establishment {elec, rElec
                  | Dex+3}
 16993 | Gauntlet | Identified the +1 leather armour of Fun and Games {rC+
                  | Slay+2}
 17040 | D:12     | Reached skill level 15 in Fighting
 17070 | D:12     | Received a gift from Trog
 17492 | D:13     | Noticed Urug
 17505 | D:13     | Killed Urug
 17515 | D:13     | Noticed Josephine
 17535 | D:13     | Noticed Lodul
 17569 | D:13     | Killed Josephine
 17625 | D:13     | Killed Lodul
 17776 | D:13     | Noticed Nessos
 17787 | D:13     | Killed Nessos
 17892 | D:13     | Reached skill level 10 in Armour
 17926 | D:13     | Received a gift from Trog
 17929 | D:13     | Found a gate to the Vaults.
 18122 | D:14     | Reached skill level 15 in Shields
 18371 | D:14     | Found an iron altar of Okawaru.
 18671 | D:15     | Entered Level 15 of the Dungeon
 18900 | D:15     | Reached XP level 16. HP: 107/110 MP: 16/16
 19081 | D:15     | Reached skill level 16 in Fighting
 19090 | D:15     | Found a staircase to the Depths.
 19281 | D:15     | Noticed Kirke
 19291 | D:15     | Killed Kirke
 19804 | Snake:1  | Entered Level 1 of the Snake Pit
 19862 | Snake:1  | Identified the +5 robe "Uphianam" {rF++ rN+}
 19868 | Snake:1  | Noticed Donald
 19888 | Snake:1  | Killed Donald
 20008 | Snake:1  | Received a gift from Trog
 20120 | Snake:1  | Identified the +1 robe of Heeqecwoad {rF+ Dex+4 Stlth+}
 20244 | Snake:1  | Identified the +5 longbow of Acsupieh {heavy, rC+ rN+
                  | Int+3}
 20487 | Snake:1  | Reached skill level 5 in Dodging
 20605 | Snake:1  | Found the +2 hood of the Assassin {Detection Stab+ Stlth++}
 20968 | Snake:2  | Reached skill level 17 in Fighting
 20968 | Snake:2  | Reached skill level 1 in Throwing
 21394 | Snake:2  | Found Nuobruats's Antique Weapon Shoppe.
 21445 | Snake:2  | Found a runed translucent door.
 21447 | Snake:2  | Noticed PyroL's ghost (journeyman DrIE)
 21521 | Snake:2  | Noticed a nagaraja
 21543 | Snake:2  | Killed a nagaraja
 21544 | Snake:2  | Reached skill level 5 in Throwing
 22052 | Snake:3  | Found Fastanor's Antique Armour Emporium.
 22188 | Snake:3  | Reached XP level 17. HP: 117/117 MP: 17/17
 22225 | Snake:3  | Received a gift from Trog
 22413 | Snake:3  | Found Rapn's Magic Scroll Shoppe.
 22420 | Snake:3  | Bought a scroll of fear for 60 gold pieces
 22420 | Snake:3  | Bought a scroll of teleportation for 45 gold pieces
 22420 | Snake:3  | Bought a scroll of teleportation for 45 gold pieces
 22492 | Snake:3  | Found Oboit's Jewellery Shoppe.
 22513 | Snake:3  | Found Ufuopn's Assorted Antiques.
 22630 | Snake:3  | Bought a scroll of acquirement for 1248 gold pieces
 22630 | Snake:3  | Acquired the +6 eveningstar of the Tent {heavy, *Noise
                  | Dex+6 Stlth+}
 23121 | Snake:3  | Found Emuivieg's Antique Armour Emporium.
 23270 | Snake:4  | Entered Level 4 of the Snake Pit
 23408 | Snake:4  | Noticed Aizul
 23411 | Snake:4  | Noticed Vashnia
 23414 | Snake:4  | Reached skill level 10 in Throwing
 23420 | Snake:4  | Killed Aizul
 23456 | Snake:4  | Killed Vashnia
 23760 | Snake:4  | Received a gift from Trog
 24126 | Snake:4  | Got a serpentine rune of Zot
 24429 | Shoals:1 | Entered Level 1 of the Shoals
 24463 | Shoals:1 | Reached XP level 18. HP: 104/123 MP: 18/18
 24471 | Shoals:1 | Received a gift from Trog
 24597 | Shoals:1 | Reached skill level 15 in Throwing
 25542 | Shoals:2 | Found a transporter.
 25552 | Shoals:2 | Found a transporter.
 25552 | Shoals:2 | Found the -2 hat of the Alchemist {rElec rPois rF+ rC+ rN+
                  | Will+ rMut rCorr}
 25660 | Shoals:2 | Received a gift from Trog
 25767 | Shoals:2 | Noticed jfcaron's ghost (adept DsMo)
 25790 | Shoals:2 | Noticed Ilsuiw
 25847 | Shoals:2 | Killed Ilsuiw
 26154 | Shoals:3 | Identified Roxanne's Precepts of Terrain
 26154 | Shoals:3 | Noticed Roxanne
 26422 | Shoals:2 | Found a bloodstained altar of Trog.
 26543 | Shoals:3 | Reached skill level 5 in Evocations
 26915 | Shoals:4 | Entered Level 4 of the Shoals
 27050 | Shoals:4 | Identified the +9 morningstar "Cifaehea" {heavy, Stlth+}
                  | (Trog gifted it to you on level 4 of the Shoals)
 27050 | Shoals:4 | Received a gift from Trog
 27201 | Shoals:4 | Reached XP level 19. HP: 129/129 MP: 19/19
 27305 | Shoals:4 | Noticed Mara
 27320 | Shoals:4 | Noticed freelancePsychic's illusion
 27337 | Shoals:4 | Killed Mara
 27420 | Shoals:4 | Reached skill level 18 in Fighting
 27583 | Shoals:4 | Got a barnacled rune of Zot
 27824 | Slime:1  | Entered Level 1 of the Pits of Slime
 27852 | Slime:1  | Received a gift from Trog
 28117 | Slime:5  | Entered Level 5 of the Pits of Slime
 28247 | Slime:5  | Noticed the Royal Jelly
 28254 | Slime:5  | Reached skill level 15 in Armour
 28255 | Slime:5  | Killed the Royal Jelly
 28365 | Slime:5  | Reached XP level 20. HP: 93/137 MP: 20/20
 28404 | Slime:5  | Identified the +5 demon trident of Anguish {venom, *Rage
                  | rCorr Str+4}
 28455 | Slime:5  | Identified the +7 chain mail "Veiveriw" {Dex+3}
 28456 | Slime:5  | Identified the +1 pair of gloves of Gallantry {*Slow Fly
                  | rPois rCorr}
 28467 | Slime:5  | Got a slimy rune of Zot
 28477 | Slime:5  | Identified the +7 war axe of Ashenzari's Pride {heavy, rF+
                  | Str-3 Dex+4}
 29080 | Elf:1    | Entered Level 1 of the Elven Halls
 29095 | Elf:1    | You are sucked into a shaft and drop 1 floor!
 29104 | Elf:2    | Reached skill level 19 in Fighting
 29106 | Elf:2    | Found a runed translucent gate.
 29106 | Elf:2    | Found a runed translucent gate.
 29115 | Elf:2    | Received a gift from Trog
 29123 | Elf:2    | Found a runed translucent gate.
 29546 | Elf:2    | Found a portal to a secret trove of treasure.
 29581 | Elf:2    | Found a shimmering blue altar of Sif Muna.
 29606 | Elf:2    | Received a gift from Trog
 30414 | Elf:1    | Received a gift from Trog
 30571 | Elf:3    | Entered Level 3 of the Elven Halls
 30668 | Elf:3    | Reached skill level 10 in Evocations
 30920 | Elf:3    | Reached skill level 20 in Fighting
 30955 | Elf:3    | Paralysed by an air elemental for 1 turns
 30964 | Elf:3    | Received a gift from Trog
 30981 | Elf:3    | Identified the ring of Spite {rN+ EV+5 Int+4}
 31062 | Elf:3    | Paralysed by an air elemental for 1 turns
 31094 | Elf:3    | Reached XP level 21. HP: 134/147 MP: 21/21
 31200 | Elf:3    | Identified the +3 leather armour of the Dropbear {Str+4}
 31424 | Elf:3    | Identified the +8 short sword of Amortisation {drain, Fly
                  | Str+2 Int+3}
 31469 | Elf:3    | Found the +1 robe of Vines {NoPotionHeal Regen++++}
 31506 | Elf:3    | Received a gift from Trog
 31524 | Elf:3    | Identified the +4 spear of Res Nullius {freeze, Stlth+}
 31545 | Elf:3    | Reached skill level 21 in Fighting
 31605 | Elf:3    | Acquired a manual of Throwing
 32127 | Snake:3  | Bought the +9 scales of the Dragon King {rPois rF+ rC+
                  | Will+} for 3619 gold pieces
 32127 | Snake:3  | Found the +9 scales of the Dragon King {rPois rF+ rC+
                  | Will+}
 32381 | Vaults:1 | Entered Level 1 of the Vaults
 32654 | Vaults:1 | Received a gift from Trog
 33006 | Vaults:1 | Identified the +2 pair of gloves "Koferaes" {rF+ Regen+
                  | Str+3}
 33006 | Vaults:1 | Noticed Nikola
 33016 | Vaults:1 | Killed Nikola
 33229 | Vaults:1 | Received a gift from Trog
 33492 | Vaults:2 | Found Leloam's Armour Emporium.
 33557 | Vaults:2 | Reached XP level 22. HP: 125/155 MP: 22/22
 33857 | Vaults:2 | Found Adghaitt's Armour Emporium.
 34022 | Vaults:2 | Received a gift from Trog
 34954 | Vaults:3 | Reached skill level 22 in Fighting
 35045 | Vaults:3 | Received a gift from Trog
 35067 | Vaults:3 | Noticed a golden dragon
 35080 | Vaults:3 | Killed a golden dragon
 35350 | Vaults:3 | Found a staircase to the Crypt.
 35551 | Vaults:3 | Noticed Saint Roka
 35561 | Vaults:3 | Killed Saint Roka
 35629 | Vaults:3 | Found Teghamih's Magic Scroll Emporium.
 35635 | Vaults:3 | Bought a scroll of magic mapping for 120 gold pieces
 35635 | Vaults:3 | Bought a scroll of magic mapping for 120 gold pieces
 35635 | Vaults:3 | Bought a scroll of immolation for 64 gold pieces
 35879 | Vaults:3 | Noticed Asterion
 35894 | Vaults:3 | Killed Asterion
 35989 | Vaults:3 | Identified the +4 shortbow of Doors {freeze, rElec rPois
                  | rF+ rC+}
 36003 | Vaults:3 | Found a large runed translucent door.
 36003 | Vaults:3 | Found a large runed translucent door.
 36003 | Vaults:3 | Found a large runed translucent door.
 36003 | Vaults:3 | Found a large runed translucent door.
 36004 | Vaults:3 | Found a large runed translucent door.
 36004 | Vaults:3 | Found a large runed translucent door.
 36004 | Vaults:3 | Found a large runed translucent door.
 36004 | Vaults:3 | Found a large runed translucent door.
 36004 | Vaults:3 | Noticed BubbleThief's ghost (veteran HOFi)
 36020 | Vaults:3 | Found Zeli Geurauts's Armour Boutique.
 36056 | Vaults:3 | Reached XP level 23. HP: 153/163 MP: 23/23
 36059 | Vaults:3 | Identified the +6 mace "Tutimpao" {heavy, rPois} (Trog
                  | gifted it to you on level 3 of the Vaults)
 36059 | Vaults:3 | Received a gift from Trog
 36114 | Vaults:3 | Noticed Bai Suzhen
 36123 | Vaults:3 | Killed Bai Suzhen
 36680 | Vaults:4 | Reached skill level 23 in Fighting
 36700 | Vaults:4 | Received a gift from Trog
 36925 | Vaults:4 | Noticed Frederick
 36932 | Vaults:4 | Killed Frederick
 36961 | Vaults:4 | Noticed Mennas
 36978 | Vaults:4 | Killed Mennas
 37062 | Vaults:4 | Noticed Margery
 37081 | Vaults:4 | Killed Margery
 37494 | Vaults:4 | Received a gift from Trog
 37874 | Vaults:5 | Entered Level 5 of the Vaults
 37962 | Vaults:5 | Noticed Sojobo
 37988 | Vaults:5 | Killed Sojobo
 38026 | Vaults:5 | Received a gift from Trog
 38043 | Vaults:5 | Noticed Xtahua
 38051 | Vaults:5 | Reached skill level 24 in Fighting
 38052 | Vaults:5 | Reached XP level 24. HP: 149/173 MP: 23/23
 38061 | Vaults:5 | Killed Xtahua
 38358 | Vaults:5 | Identified the +6 spear "Xuwyl" {pain, Fly Str-4 Int+2
                  | SInv}
 38385 | Vaults:5 | Got a silver rune of Zot
 38402 | Vaults:5 | Noticed a dread lich
 38415 | Vaults:5 | Killed a dread lich
 38415 | Vaults:5 | Received a gift from Trog
 38994 | Vaults:5 | Identified the +7 shortbow "Rimok" {flame, Str+3}
 39012 | Vaults:5 | Reached skill level 25 in Fighting
 39037 | Vaults:5 | Identified the ring of the Exiled Tusks {AC+4 Dex+3}
 39098 | Vaults:5 | Identified the ring of Tulips {*Corrode rF+ rC+ Dex+6
                  | Stlth+}
 39106 | Vaults:5 | Received a gift from Trog
 39127 | Vaults:5 | Found the +9 staff of Wucad Mu {*channel}
 39506 | Vaults:5 | Upgraded the game from 0.30-a0-568-g124715a40b to
                  | 0.30-a0-571-gdf30a72648
 39794 | Depths:1 | Entered Level 1 of the Depths
 39794 | Depths:1 | Found a transporter.
 39891 | Depths:1 | Identified the +11 trident "Jellyslayer" {holy, rElec rF+++
                  | rN+ Stlth-}
 39981 | Depths:1 | Reached XP level 25. HP: 163/182 MP: 23/23
 39998 | Depths:1 | Received a gift from Trog
 40130 | Depths:1 | Found an ornate altar of the Wu Jian Council.
 40550 | Depths:1 | Found a one-way gate leading to the halls of Pandemonium.
 40771 | Depths:1 | Found a gateway to Hell.
 40786 | Depths:1 | Acquired a manual of Maces & Flails
 40930 | Depths:1 | Noticed a juggernaut
 41130 | Depths:2 | Reached skill level 26 in Fighting
 41479 | Depths:2 | Received a gift from Trog
 41811 | Depths:2 | Found a one-way gateway to a ziggurat.
 42346 | Depths:2 | Found a glowing silver altar of Zin.
 42394 | Depths:3 | Reached skill level 15 in Evocations
 42428 | Depths:3 | Noticed Jory
 42441 | Depths:3 | Killed Jory
 42568 | Depths:3 | Found a shimmering blue altar of Sif Muna.
 42570 | Depths:3 | Found a glowing golden altar of the Shining One.
 42570 | Depths:3 | Found a shimmering altar of Xom.
 42572 | Depths:3 | Found a shimmering altar of Xom.
 42572 | Depths:3 | Found a shimmering altar of Xom.
 42572 | Depths:3 | Found a stormy altar of Qazlal.
 42596 | Depths:3 | Reached skill level 27 in Fighting
 42616 | Depths:3 | Found Casucwus's Weapon Boutique.
 42765 | Depths:3 | Received a gift from Trog
 42833 | Depths:3 | Found a one-way gate to the infinite horrors of the Abyss.
 42954 | Depths:4 | Entered Level 4 of the Depths
 43132 | Depths:3 | Reached XP level 26. HP: 193/193 MP: 23/23
 43297 | Depths:4 | Identified the +4 scale mail of the Planets {*Slow Str+5
                  | Slay+2}
 43443 | Depths:4 | Acquired the +1 cloak "Yruoskusch" {Regen+ Int+3 Dex+4}
 43683 | Depths:4 | Found a gate to the Realm of Zot.
 43756 | Zot:1    | Entered Level 1 of the Realm of Zot
 43824 | Zot:1    | Received a gift from Trog
 44134 | Zot:1    | Reached skill level 10 in Dodging
 45278 | Zot:3    | Found the +4 dragonskin cloak
 45278 | Zot:3    | Noticed Tiamat
 45320 | Zot:3    | Killed Tiamat
 45526 | Zot:3    | Received a gift from Trog
 46268 | Zot:4    | Reached XP level 27. HP: 199/199 MP: 23/23
 46857 | Zot:5    | Entered Level 5 of the Realm of Zot
 47096 | Zot:5    | Received a gift from Trog
 47529 | Zot:5    | Noticed an ancient lich
 47534 | Zot:5    | Killed an ancient lich
 47535 | Zot:5    | Reached skill level 15 in Dodging
 47572 | Zot:5    | Noticed a dread lich
 47580 | Zot:5    | Killed a dread lich
 47587 | Zot:5    | Noticed an orb of fire
 47590 | Zot:5    | Killed an orb of fire
 47603 | Zot:5    | Noticed an ancient lich
 47616 | Zot:5    | Killed an ancient lich
 47722 | Zot:5    | Noticed an orb of fire
 47734 | Zot:5    | Killed an orb of fire
 47740 | Zot:5    | Noticed an ancient lich
 47744 | Zot:5    | Killed an ancient lich
 47744 | Zot:5    | Noticed an ancient lich
 47751 | Zot:5    | Noticed a dread lich
 47760 | Zot:5    | Killed an ancient lich
 47771 | Zot:5    | Killed a dread lich
 47786 | Zot:5    | Noticed an orb of fire
 47799 | Zot:5    | Killed an orb of fire
 48131 | Zot:5    | Received a gift from Trog
 48336 | Zot:5    | Got the Orb of Zot
 48448 | Zot:4    | Noticed Iharip the pandemonium lord
 48548 | Depths:4 | Noticed Jafitol the pandemonium lord
 48946 | D:$      | Escaped with the Orb!

Illustrated notes

Levels and vault maps discovered:
D:1:      ncdulo_lavacross, layout_rooms, item_on_display_a
D:2:      layout_rooms, basic_altar
D:3:      layout_loops_cross, grunt_temple_overflow_open, uniq_robin, uniq_ijyb,
          uniq_sigmund
D:4:      layout_loops_ring, cheibrodos_sewer_entry_drain,
          uniq_crazy_yiuf_cottage, uniq_pikel
D:5:      layout_loops_ring, amethyst_overflow_temple_binary, serial_shops,
          nicolae_square_shop, uniq_prince_ribbit1
D:6:      layout_gridville, nicolae_ossuary_entry_false_entrances,
          minmay_starry_boxes
D:7:      minmay_the_grid_square_5x5_3x3 [minmay_the_grid_square_5x5_dogpile,
          minmay_the_grid_square_5x5_checkered_statues,
          minmay_the_grid_square_5x5_seven,
          minmay_the_grid_square_5x5_almost_minimal,
          minmay_the_grid_square_5x5_megaprize_diamond,
          minmay_the_grid_square_5x5_inner_z, minmay_the_grid_square_5x5_corner,
          minmay_the_grid_square_5x5_inset, minmay_the_grid_square_5x5_inner_i],
          layout_cave_pools, nicolae_ru_sacrificial_ziggurat,
          minmay_temple_entry_gardened_gates, enter_bailey_3
D:8:      layout_layer_cave, gammafunk_temple_overflow_wave, david_lair_generic,
          amcnicky_mini_rare_corridor_liquid, uniq_maurice
D:9:      layout_stronghold, minmay_strange_pillars
D:10:     layout_cave_pools, minmay_orc_entry_temple_small, nrook_campfire,
          minmay_radiant
D:11:     layout_long_grid
D:12:     layout_rooms, serial_demonic, serial_demonic_f, serial_demonic_g,
          serial_demonic_g, serial_demonic_f, serial_demonic_c,
          gauntlet_entry_generic
D:13:     layout_big_octagon, david_vaults_5, uniq_urug, uniq_lodul,
          uniq_josephine, uniq_nessos
D:14:     layout_long_grid, okawaru_metal_pillars_1_2
D:15:     grunt_enter_depths_hoard, layout_basic, nicolae_wwwww, serial_bayou,
          serial_bayou_ford_a, serial_bayou_lagoon_b, serial_bayou_lake_a,
          serial_bayou_pond_d, dreamdust_princess_bridge, uniq_kirke
Lair:1:   layout_layer_cave, gammafunk_ghost_grave, serial_bayou_shore_b
Lair:2:   layout_small_grid, minivault_19, beast_lair_carwin_5
Lair:3:   layout_roguey, elwin_shoals_entry_stream, guppyfry_snake_entry_island,
          gammafunk_ghost_cemetery, infiniplex_staircase_pool_2
Lair:4:   layout_misc_corridors, nicolae_slime_entry_slimehenge, st_stairs_11,
          serial_bayou_shore_b
Lair:5:   hangedman_lair_in_review, layout_layer_cave, guppyfry_lair_end_dragon,
          lemuel_fruit_tree
Shoals:1: layout_shoals, nicolae_shoals_spectral_cove
Shoals:2: layout_shoals, gammafunk_ghost_wrathful_warriors,
          nicolae_shoals_water_shrine, uniq_ilsuiw
Shoals:3: layout_shoals, nicolae_shoals_cliffside_cave,
          nicolae_shoals_pincushion_passage, uniq_roxanne
Shoals:4: shoals_end_grunt_ice, layout_shoals, shoals_ilsuiw_ice,
          nicolae_shoals_lost_giant_hut, uniq_mara
Snake:1:  layout_rooms, nicolae_snake_storage_room, serial_bayou_shore_b,
          serial_bayou_shore_b, uniq_donald
Snake:2:  layout_honeycomb, serial_shops, nicolae_shop_window_shopping,
          ebering_ghost_inner_flame, nicolae_triple_integral
Snake:3:  layout_chambers, serial_shops, nicolae_shop_overgrown_old_shop,
          nicolae_shop_trees, nicolae_stop_n_shop_2,
          nicolae_shop_competitors_out_of_business, shop,
          nicolae_snake_salamander_fort, nicolae_integral_box
Snake:4:  snake_pit, layout_cave_town, hangedman_snake_pattern, uniq_aizul,
          uniq_vashnia
Slime:1:  layout_caves
Slime:2:  layout_caves
Slime:3:  layout_caves
Slime:4:  cheibrodos_slime_lost_civilization_3, layout_caves
Slime:5
Orc:1:    layout_diamond_mine
Orc:2:    st_orc_mages, layout_caves
Elf:1:    eino_elf_arrival_the_gate, layout_geoelf_octagon,
          hangedman_elf_represent
Elf:2:    nicolae_elf_blades_crystal_corner, layout_geoelf_grid, basic_altar,
          enter_trove_1
Elf:3:    nooodl_elf_gasket, layout_geoelf_grid, guppyfry_elf_castle
Vaults:1: vaults_room_hallway, nicolae_vaults_network_quinsquares
          [nicolae_vaults_network_quincunx_subvault,
          nicolae_vaults_network_quincunx_subvault,
          nicolae_vaults_network_quincunx_subvault,
          nicolae_vaults_network_quincunx_subvault], hangedman_vaults_stitches,
          vaults_mumra_lcd, vaults_room_stairs_pillars,
          vaults_room_guarded_vault, vaults_room_pool,
          nicolae_vaults_little_squares_1, v_misc_13,
          nicolae_vaults_little_squares_2, nicolae_vaults_mini_display_case,
          layout_vaults_ring, uniq_nikola
Vaults:2: st_star, vaults_room_mumra_shop_pool, ontoclasm_vaults_ring_square,
          v_misc_18, hangedman_vaults_slice, nicolae_vaults_little_squares_4,
          nicolae_vaults_windows_and_doors_thing, grunt_vaults_funnel,
          vaults_room_pool, ontoclasm_vaults_pinch, layout_vaults_omnigrid,
          serial_shops, nicolae_shop_stone
Vaults:3: advil_vaults_ghost_lines, nicolae_vaults_network_square,
          minmay_crypt_entry_simple_walls, grunt_vaults_funneled_arena,
          ontoclasm_vaults_tryst, ontoclasm_vaults_ligature,
          nicolae_vaults_little_ls, grunt_vaults_diagonal, vaults_dpeg_diagonal,
          v_misc_1, v_alt_pattern_2, v_misc_27, hangedman_vaults_trim,
          layout_vaults_omnibox, serial_shops, shop, nicolae_shop_behind_doors,
          uniq_saint_roka, uniq_asterion, uniq_bai_suzhen
Vaults:4: nicolae_vaults_little_squares_1, nicolae_vaults_gold_heap,
          nicolae_vaults_big_ls, nicolae_vaults_little_squares_2,
          vaults_room_pools, v_misc_12, hangedman_vaults_impose,
          vaults_room_large_hall, vaults_room_fancy_cross,
          vaults_room_semicircle, hangedman_vaults_slice,
          layout_vaults_omnicross, serial_hangedman_research,
          hangedman_research_probablistics, hangedman_research_convocations,
          uniq_margery, uniq_frederick, uniq_mennas
Vaults:5: uniq_xtahua, uniq_sojobo
Depths:1: emtedronai_trogs_sanctum, layout_basic, rand_demon_pan_entry_9,
          grunt_hell_entry_dis_old, pdpol_wu_jian_five_deadly_venoms,
          kennysheep_underground_church
Depths:2: minmay_ambush_box, layout_basic, enter_ziggurat_b,
          grunt_mini_vestibule, zin_angel, grunt_pan_entry_spiral
Depths:3: minmay_distorted_concentric_squares, layout_cave_pools, serial_shops,
          nicolae_shop_crystal, marbit_kobold_abyss_entry,
          pf_hell_entry_great_geh, minmay_misc_feat_hallway,
          doesnt_xom_only_xom, uniq_jory
Depths:4: grunt_zot_entry_alcove, layout_twisted_cross, grunt_pan_entry_sceptre,
          hell_entry, hangedman_decor_peaks_small
Zot:1:    lemuel_draconian_sentries, layout_twisted_circle
Zot:2:    layout_onion_interference, grunt_megastairs_4
Zot:3:    layout_gridville, uniq_tiamat
Zot:4:    layout_basic
Zot:5:    layout_cathedral_of_symmetry, hangedman_zot_decor_slant

Skill      XL: |  1  2  3  4  5  6  7  8  9 10 11 12 13 14 15 16 17 18 19 20 21 22 23 24 25 26 27 |
---------------+----------------------------------------------------------------------------------+-----
Stealth        | 3 5 |  5.6
Maces & Flails | 4 5 6 7 9 11 13 15 16 17 20 | 20.5
Armour         | 1 2 6 9 10 11 13 15 17 18 19 21 22 | 22.0
Fighting       | 4 5 6 8 10 11 12 13 14 15 17 18 20 21 22 24 25 27 | 27.0
Evocations     | 1 2 4 5 8 10 13 15 | 15.0
Shields        | 6 10 13 15 16 | 16.0
Dodging        | 7 8 12 18 | 18.4
Throwing       | 7 14 16 18 20 | 20.2

Action                   |  1- 3 |  4- 6 |  7- 9 | 10-12 | 13-15 | 16-18 | 19-21 | 22-24 | 25-27 || total
-------------------------+-------+-------+-------+-------+-------+-------+-------+-------+-------++-------
Melee: Mace              |   129 |       |       |       |       |       |       |       |       ||   129
       Flail             |       |   119 |   431 |       |       |       |       |       |       ||   550
       Punch             |       |       |     4 |     8 |       |       |       |       |       ||    12
       Morningstar       |       |       |    13 |   636 |   184 |       |       |       |       ||   833
       Demon whip        |       |       |       |       |  1231 |   533 |       |       |       ||  1764
       Eveningstar       |       |       |       |       |       |   526 |   719 |  1159 |  1436 ||  3840
Throw: Boomerang         |       |       |       |    12 |     1 |   263 |   344 |   127 |    78 ||   825
       Javelin           |       |       |       |       |       |       |    16 |     7 |    38 ||    61
       Throwing net      |       |       |       |       |       |       |       |       |     1 ||     1
Invok: Berserk           |       |       |     2 |     6 |     5 |     3 |     1 |     1 |       ||    18
       Trog's Hand       |       |       |     1 |     2 |     3 |     4 |     5 |     5 |     5 ||    25
       Brothers in Arms  |       |       |       |     1 |     2 |     2 |     3 |     4 |     1 ||    13
Evoke: Wand              |       |       |     4 |     3 |     2 |     1 |       |       |     2 ||    12
       Lightning rod     |       |       |       |     4 |       |       |       |       |       ||     4
       Phantom mirror    |       |       |       |       |     1 |     1 |     1 |       |     1 ||     4
       Condenser vane    |       |       |       |       |       |     3 |     4 |     8 |     5 ||    20
       Tin of tremorston |       |       |       |       |       |       |     3 |     7 |     5 ||    15
       Phial of floods   |       |       |       |       |       |       |     2 |     3 |       ||     5
  Use: Scroll            |     4 |     2 |    16 |     3 |    15 |    10 |     8 |     4 |     9 ||    71
       Potion            |       |     1 |       |       |     1 |     3 |     5 |     4 |    14 ||    28
 Stab: Sleeping          |     6 |     3 |    14 |     6 |    10 |     9 |     7 |       |       ||    55
       Distracted        |       |     1 |       |     2 |     1 |     1 |     4 |     1 |     3 ||    13
       Invisible         |       |     1 |       |       |       |       |     2 |       |     6 ||     9
       Paralysed         |       |       |       |     1 |     4 |       |       |       |       ||     5
       Petrified         |       |       |       |       |     1 |       |       |       |       ||     1
       Held in net/web   |       |       |       |       |       |       |       |       |     1 ||     1
Armor: Robe              |    46 |       |       |       |       |       |       |       |       ||    46
       Ring mail         |    36 |    35 |    91 |   107 |       |       |       |       |       ||   269
       Acid dragon scale |       |       |       |    67 |   432 |   288 |   177 |       |       ||   964
       Gold dragon scale |       |       |       |       |       |       |    67 |   523 |   922 ||  1512
Dodge: Dodged            |   146 |   111 |   351 |   684 |   959 |   736 |   569 |  1015 |  1908 ||  6479
Block: Kite shield       |       |       |       |    62 |   787 |   803 |   781 |  1255 |  1922 ||  5610
       Reflection        |       |       |       |       |       |   109 |    65 |    74 |    26 ||   274

Table legend: (Time is in decaauts)
 A = Elapsed time spent in this place.
 B = Non-inter-level travel time spent in this place.
 C = Inter-level travel time spent in this place.
 D = Time resting spent in this place.
 E = Time spent auto-exploring this place.
 F = Levels seen in this place.
 G = Mean time per level.
                   A        B        C        D        E       F      G
               +--------+--------+--------+--------+--------+-----+--------+
         Total |  48385 |  44300 |   4085 |   1204 |  29565 |  56 |  864.0 |
       Dungeon |  12950 |  11459 |   1491 |    382 |   7786 |  15 |  863.3 |
          Lair |   4683 |   4012 |    671 |     42 |   3065 |   5 |  936.6 |
        Shoals |   3167 |   2967 |    200 |     43 |   1879 |   4 |  791.8 |
     Snake Pit |   4642 |   4212 |    430 |    110 |   2918 |   4 | 1160.5 |
    Slime Pits |   1016 |    949 |     67 |    145 |    367 |   5 |  203.2 |
  Orcish Mines |   1280 |   1058 |    222 |    266 |    418 |   2 |  640.0 |
   Elven Halls |   2807 |   2641 |    166 |     44 |   1719 |   3 |  935.7 |
        Vaults |   7320 |   6930 |    390 |     22 |   4637 |   5 | 1464.0 |
        Depths |   4132 |   3971 |    161 |     93 |   2709 |   4 | 1033.0 |
           Zot |   4698 |   4417 |    281 |      0 |   3086 |   5 |  939.6 |
         Sewer |    411 |    411 |      0 |      0 |    274 |   1 |  411.0 |
       Ossuary |    393 |    393 |      0 |      0 |    223 |   1 |  393.0 |
        Bailey |    460 |    460 |      0 |      0 |    273 |   1 |  460.0 |
      Gauntlet |    421 |    421 |      0 |     55 |    208 |   1 |  421.0 |
               +--------+--------+--------+--------+--------+-----+--------+

Top non-repeatable levels by time:
Vaults:5: 1676 daAuts
Vaults:3: 1668 daAuts
     D:8: 1633 daAuts
   Zot:5: 1476 daAuts
Vaults:4: 1440 daAuts
Depths:2: 1358 daAuts
 Snake:3: 1351 daAuts
  Lair:5: 1342 daAuts
Vaults:2: 1339 daAuts
Depths:1: 1279 daAuts
   Elf:3: 1262 daAuts
Vaults:1: 1195 daAuts
 Snake:1: 1194 daAuts
     D:4: 1146 daAuts
     D:9: 1098 daAuts
